 Dungeon Crawl Stone Soup version 0.13-a0-1804-g486adc7 (webtiles) character file.

164162 Kae the Crack Shot (level 17, -4/151 HPs)
             Began as a Centaur Hunter on June 24, 2013.
             Was a High Priest of Okawaru.
             Hit by a large rock thrown by a stone giant (11 damage)
             ... on Level 20 of the Dungeon.
             The game lasted 02:49:29 (45687 turns).

Kae the Crack Shot (Centaur Hunter)                Turns: 45687, Time: 02:49:29

HP  -4/151       AC 15     Str 16      XL: 17   Next: 49%
MP  25/25        EV 32     Int  7 (10) God: Okawaru [*****.]
Gold 1111        SH  0     Dex 27      Spells:  3 memorised, 11 levels left

Res.Fire  : . . .   See Invis. : +   a - +1,+3 bow "Fixom" {flame, Dex+4 SInv}
Res.Cold  : . . .   Warding    : .   R - +1 leather armour of Failure {Acc+5 Stlth+ Life Prot.: . . . Conserve : . (no shield)
Res.Poison: +       Res.Corr.  : .   (no helmet)
Res.Elec. : +       Clarity    : .   Q - +0 cloak "Bogrivvi" {Dex+4}
Sust.Abil.: . .     Spirit.Shd : .   D - +2 pair of gauntlets {Dex+3}
Res.Mut.  : +       Stasis     : .   J - +0 centaur barding
Res.Rott. : .       Flight     : .   F - amulet of resist mutation
Saprovore : . . .                    L - ring of Trudello {rElec rPois MR+}
                                     o - +5 ring of evasion

@: heroism, very quick, very resistant to hostile enchantments, very stealthy
A: hooves 3, deformed body, herbivore 1, speed 2, fast metabolism 1, tough skin
3
a: Heroism, Finesse, Renounce Religion


You were on level 20 of the Dungeon.
You worshipped Okawaru.
Okawaru was exalted by your worship.
You were near starving.

You visited 4 branches of the dungeon, and saw 33 of its levels.
You also visited: Sewer.

You collected 3345 gold pieces.
You spent 2254 gold pieces at shops.

Inventory:

Hand weapons
 a - the +1,+3 bow "Fixom" (weapon) {flame, Dex+4 SInv}
   (You found it on level 16 of the Dungeon)

   It turns projectiles fired from it into bolts of flame.
   It affects your dexterity (+4).
   It enhances your eyesight.
 b - the +4,+5 hand axe "Beetle's Peril" {pain, +Fly Int-3 Stlth+}
   (Okawaru gifted it to you on level 13 of the Dungeon)

   In the hands of one skilled in necromantic magic, it inflicts extra damage on
   living creatures.
   It affects your intelligence (-3).
   It lets you fly.
   It makes you much more stealthy.
 c - a +1,+4 longbow of frost
 O - a +3,+0 executioner's axe of electrocution
Missiles
 d - 58 arrows (quivered)
 q - 87 arrows of flame
 H - 89 poisoned arrows
 I - 45 arrows of frost
 U - 25 arrows of dispersal
Armour
 D - a +2 pair of gauntlets of dexterity (worn)
 J - a +0 centaur barding (worn)
 Q - the +0 cloak "Bogrivvi" (worn) {Dex+4}
   (You bought it in a shop on level 4 of the Orcish Mines)

   It affects your dexterity (+4).
 R - the +1 leather armour of Failure (worn) {Acc+5 Stlth++}
   (You found it on level 10 of the Dungeon)

   It affects your accuracy (+5).
   It makes you much more stealthy.
Magical devices
 p - a wand of teleportation (4)
 z - a wand of teleportation (3)
 M - a wand of disintegration (10)
Comestibles
 f - 4 bread rations
 k - 3 pears
 t - 4 royal jellies
 B - 3 apples
Scrolls
 h - 3 scrolls of blinking
 s - 7 scrolls of teleportation
 w - 7 scrolls of remove curse
 y - a scroll of magic mapping
 G - a scroll of fear
 N - a scroll of enchant weapon II
 P - a scroll of holy word
 T - 2 scrolls of recharging
Jewellery
 j - an uncursed ring of poison resistance
 o - a +5 ring of evasion (left hand)
 x - an uncursed ring of teleport control
 F - an amulet of resist mutation (around neck)
 L - the ring of Trudello (right hand) {rElec rPois MR+}
   (You found it on level 4 of the Lair of Beasts)

   [ring of poison resistance]

   It insulates you from electricity.
   It affects your resistance to hostile enchantments.
 S - an uncursed ring of protection from magic
 X - an uncursed amulet of resist corrosion
 Z - an uncursed ring of poison resistance
Potions
 e - a potion of cure mutation
 i - a potion of invisibility
 l - 13 potions of curing
 m - 2 potions of magic
 n - a potion of berserk rage
 r - a potion of agility
 v - 7 potions of heal wounds
 A - 5 potions of restore abilities
 C - 2 potions of brilliance
 E - 4 potions of speed
 K - 2 potions of resistance
 W - 2 potions of porridge
 Y - a potion of mutation
Books
 g - a book of Spatial Translocations

   Spells                             Type                      Level
   *Apportation                       Translocation                1
   *Portal Projectile                 Translocation                2
   *Blink                             Translocation                2
   Shroud of Golubria                 Charms/Translocation         2
   Teleport Other                     Translocation                3
   Passage of Golubria                Translocation                4


   Skills:
 + Level 16.0(21.0) Fighting
 + Level 11.7(16.7) Axes
 - Level 23.0(27) Bows
 - Level 0.1(5.1) Armour
 + Level 12.7(17.7) Dodging
 - Level 0.5(5.5) Stealth
 * Level 5.6 Translocations
 + Level 7.3 Invocations
 + Level 6.4 Evocations


You had 11 spell levels left.
You knew the following spells:

 Your Spells              Type           Power        Failure   Level  Hunger
a - Apportation           Tloc           #.........   6%          1    ##.....
b - Blink                 Tloc           N/A          10%         2    ###....
c - Portal Projectile     Tloc           #.....       10%         2    ###....


Dungeon Overview and Level Annotations

Branches:
Dungeon (20/27)            Temple (1/1) D:7             Orc (4/4) D:7
    Elf (0/3) Orc:3          Lair (8/8) D:9          Shoals (0/5) Lair:4
 Spider (0/5) Lair:5        Slime (0/6) Lair:6       Vaults (0/5) D:19

Altars:
Ashenzari
Cheibriados
Elyvilon
Fedhas
Kikubaaqudgha
Makhleb
Nemelex Xobeh
Okawaru
Sif Muna
Trog
Vehumet
Xom
Yredelemnul
Zin
the Shining One
Beogh

Shops:
D:9: % D:10: ? D:13: [ Orc:4: *[(+

Annotations
D:7 dyno's ghost, experienced DjFE
D:20 Jory


Innate Abilities, Weirdness & Mutations

You have hooves in place of feet.
Armour fits poorly on your strangely shaped body.
You digest meat inefficiently.
You cover ground very quickly.
You have a fast metabolism.
You have extremely tough skin (AC +3).


Message History

Jory hits you with a dwarven war axe of flaming!
Jory burns you! Jory bites you. Jory draws strength from your injuries!
You are too injured to fight recklessly!
You are too injured to fight recklessly!
You are too injured to fight recklessly!
Things that are here:
a crossbow; 10 bolts of penetration; a rotting yaktaur corpse You feel clever.
You feel agile.
It bursts into flame!
a - the +1,+3 bow "Fixom" (weapon)
{flame, Dex+4 SInv} Jory gestures at you while chanting.
The crystal spear hits you!
* * * LOW HITPOINT WARNING * * *
Firing (i - inventory. (,) - cycle):
d - 59 arrows (quivered)
Press: ? - help, Shift-Dir - straight line, f/p - Jory
Aim: Jory, wielding a dwarven war axe of flaming and wearing a plate armour (heavily damaged)
You shoot an arrow. The arrow of flame hits Jory.
Jory is heavily damaged.
Jory blinks!
The stone giant throws a large rock.
The large rock hits you!
You die...

#.# #.# #.# #.#
#####.#####.##
...........))##########
...##.#####.#..........
##.##.).....#...........
##.######.###....########
##.# #.# #...V.........
##.# #.# #..#@...#####
##.# #.# #..#)..## ##.#
#.# #..#..## ##.# #.#
#..#ยง## ..<######.#
#..#C# #.........# #..#o#
#.#######.# .#(# #.# #.#
#.# #.# #.. #..


You could see Jory, a stone giant and an orc knight.

Vanquished Creatures
  Norris (D:17)
  A tentacled monstrosity (D:20)
  Agnes (D:16)
  2 orc warlords
  An ophan (D:19)
  Jorgrun (D:19)
  2 shedu (D:19)
  An ice dragon (Lair:7)
  Fannar (D:10)
  Harold (D:10)
  12 hydras
  A ravenous feature mimic (Lair:8)
  An ogre mage (D:20)
  Nessos (D:15)
  A wolf spider zombie (D:16)
  19 death yaks (Lair:8)
  A sphinx skeleton (D:19)
  Urug (D:11)
  3 orc high priests
  Nergalle (Orc:4)
  4 catoblepae
  5 centaur warriors
  A fire giant skeleton (D:16)
  A frost giant skeleton (D:18)
  A stone giant skeleton (D:19)
  A shadow wraith (D:18)
  9 skeletal warriors
  An unseen horror (D:15)
  A flayed ghost (D:19)
  An iron troll zombie (D:20)
  8 hill giants
  7 orc knights
  Pikel (D:4)
  5 griffons
  2 giant amoebae (Lair:6)
  5 orc sorcerers
  A wolf spider (D:18)
  3 spiny worms
  8 cyclopes
  An oklob plant (Lair:3)
  Maurice (D:8)
  A dragon zombie (D:19)
  3 black mambas
  A sixfirhy (Orc:4)
  A stone golem (D:17)
  12 spiny frogs
  2 elephant slugs
  2 feature mimics
  A spiny frog (shapeshifter) (D:18)
  9 elephants
  36 slime creatures
  A griffon skeleton (D:15)
  An ettin skeleton (D:19)
  Psyche (D:11)
  15 yaktaurs
  35 ugly things
  3 hill giant skeletons
  2 two-headed ogres
  Sonja (D:10)
  7 komodo dragons
  Prince Ribbit (D:8)
  6 trolls
  A snapping turtle (Lair:4)
  A giant firefly (shapeshifter) (D:19)
  21 blink frogs
  2 shadows
  2 brown oozes (Lair:6)
  4 wyverns
  2 basilisks (Lair:1)
  A golden eye (shapeshifter) (D:15)
  5 hippogriffs
  A steam dragon (Lair:2)
  3 wraiths
  91 yaks
  2 redbacks (D:19)
  A vampire (D:13)
  Eustachio (D:8)
  2 fire drakes
  A trapdoor spider (D:15)
  A chaos spawn (Orc:4)
  Grum (D:11)
  23 war dogs
  A fire crab zombie (D:18)
  A deep elf fighter (D:19)
  11 vampire mosquitoes
  5 hungry ghosts
  4 mottled dragons
  2 boulder beetles
  6 manticores
  2 yaktaur zombies
  3 necrophages
  Edmund (Orc:1)
  A cyclops zombie (D:10)
  A yaktaur skeleton (D:13)
  A wyvern zombie (D:10)
  40 orc warriors
  3 sky beasts
  A cyclops skeleton (D:14)
  11 ogres
  2 soldier ants
  6 ice beasts
  2 troll zombies
  2 rotting devils
  3 yellow wasps
  14 centaurs
  4 phantoms
  13 crocodiles
  Duvessa (D:6)
  2 giant frog zombies
  3 wargs (Orc:4)
  8 giant slugs
  7 big kobolds
  10 water moccasins
  10 agate snails
  Blork the orc (Orc:4)
  A giant slug simulacrum (D:15)
  14 giant frogs
  A two-headed ogre skeleton (D:14)
  16 killer bees
  2 goliath beetles
  3 wights (D:11)
  11 crimson imps
  2 quasits
  Dowan (D:6)
  A mottled dragon skeleton (D:15)
  34 orc priests
  A scorpion (D:5)
  10 hounds
  8 iguanas
  A gnoll shaman (D:9)
  35 orc wizards
  5 worker ants
  8 porcupines
  A statue (D:5)
  28 sheep
  7 jellies
  11 gnolls
  A mummy (D:9)
  81 green rats
  20 adders
  5 giant centipedes
  A scorpion zombie (D:10)
  An adder skeleton (D:5)
  An inept feature mimic (D:7)
  3 white imps (Lair:7)
  3 giant mites
  3 worms
  2 bat skeletons (D:4)
  A giant eyeball (D:6)
  7 giant geckos
  9 oozes
  197 orcs
  2 ball pythons
  4 giant cockroaches
  27 goblins
  21 hobgoblins
  35 kobolds
  11 quokkas
  2 spectral orcs (Orc:4)
  20 bats
  7 giant newts
  A goblin zombie (Orc:1)
  2 hobgoblin zombies
  14 jackals
  2 orc skeletons
  5 orc zombies (Orc:1)
  19 rats
  2 rat skeletons
  3 ballistomycetes (D:14)
  A fungus (Lair:8)
  2 plants (Lair:8)
1325 creatures vanquished.

Vanquished Creatures (others)
  9 orcs
  A hobgoblin (Orc:1)
  A giant newt (D:1)
  A giant spore (D:14)
  6 fungi
  5 plants
23 creatures vanquished.

Grand Total: 1348 creatures vanquished

Notes
Turn   | Place    | Note
--------------------------------------------------------------
     0 | D:1      | Kae, the Centaur Hunter, began the quest for the Orb.
     0 | D:1      | Reached XP level 1. HP: 17/17 MP: 0/0
   170 | D:1      | Reached XP level 2. HP: 5/24 MP: 1/1
  1060 | D:2      | Reached XP level 3. HP: 25/29 MP: 2/2
  1292 | D:2      | Reached skill level 6 in Bows
  1950 | D:2      | Reached XP level 4. HP: 33/37 MP: 2/2
  3222 | D:4      | Reached XP level 5. HP: 40/42 MP: 3/3
  3279 | D:4      | Found a glowing golden altar of the Shining One.
  3279 | D:4      | Noticed an angel
  3281 | D:4      | Reached skill level 7 in Bows
  3358 | D:4      | Noticed a slave
  3358 | D:4      | Noticed a slave
  3359 | D:4      | Noticed a slave
  3359 | D:4      | Noticed a slave
  3360 | D:4      | Noticed Pikel
  3406 | D:4      | Killed Pikel
  3406 | D:4      | Reached skill level 8 in Bows
  3406 | D:4      | Reached XP level 6. HP: 13/50 MP: 4/4
  3406 | D:4      | Reached XP level 7. HP: 14/57 MP: 4/4
  4067 | D:5      | Entered Level 5 of the Dungeon
  4117 | D:5      | Reached skill level 9 in Bows
  4242 | D:5      | Found a glowing drain.
  4284 | Sewer    | Entered a sewer
  5447 | D:5      | Reached XP level 8. HP: 51/64 MP: 5/5
  5527 | D:5      | Reached skill level 10 in Bows
  5559 | D:5      | Found a radiant altar of Vehumet.
  5934 | D:6      | Found a bloodstained altar of Trog.
  5986 | D:6      | Noticed Dowan
  5988 | D:6      | Noticed Duvessa
  6007 | D:6      | Killed Duvessa
  6014 | D:6      | Killed Dowan
  6232 | D:6      | Reached skill level 5 in Fighting
  6880 | D:7      | Found a staircase to the Orcish Mines.
  6977 | D:7      | Reached skill level 11 in Bows
  7015 | D:7      | Found a staircase to the Ecumenical Temple.
  7069 | D:7      | Noticed dyno's ghost (experienced DjFE)
  7259 | Temple   | Entered the Ecumenical Temple
  7300 | Temple   | Became a worshipper of Warmaster Okawaru
  7458 | D:7      | Reached XP level 9. HP: 52/71 MP: 6/6
  8041 | D:7      | Found a shimmering altar of Xom.
  8339 | D:8      | Found a glowing golden altar of the Shining One.
  9203 | D:8      | Noticed Eustachio
  9213 | D:8      | Killed Eustachio
  9346 | D:8      | Noticed Maurice
  9388 | D:8      | Killed Maurice
  9388 | D:8      | Reached skill level 12 in Bows
  9388 | D:8      | Reached skill level 5 in Dodging
  9541 | D:8      | Killed a door mimic
  9813 | D:8      | Noticed Prince Ribbit
  9995 | D:8      | Killed Prince Ribbit
 10269 | D:9      | Reached skill level 13 in Bows
 10483 | D:9      | Found Ugekh's Food Emporium.
 10544 | D:9      | Found a staircase to the Lair.
 10573 | D:9      | Bloax: Maybe you should just kite it.
 10605 | D:9      | Acquired Okawaru's first power
 10605 | D:9      | Reached XP level 10. HP: 29/81 MP: 6/6
 11858 | D:9      | Bloax: It seems rather silly to save up on ammo rather aggressively when you're with the god of ammo.
 11858 | D:9      | Kae: hmm nt getting much riht now ^^
 11924 | D:9      | Bloax: That's because your piety is low.
 11930 | D:9      | Bloax: Because you're not killing stuff.
 11930 | D:9      | Bloax: Because you're saving your ammo.
 12020 | D:9      | Reached skill level 14 in Bows
 12244 | Lair:1   | Entered Level 1 of the Lair of Beasts
 12282 | Lair:1   | Bloax: And I say all this because I doubt you should have a problem as a centaur with 100 arrows and a bow at this point.
 12287 | Lair:1   | Kae: well
 12287 | Lair:1   | Kae: sometimes when i get into orcs
 12287 | Lair:1   | Kae: i canstill be a bit low on ammo
 12287 | Lair:1   | Kae: even after i get ammo gits
 12287 | Lair:1   | Kae: gifts*
 12325 | Lair:1   | Bloax: Have you tried wandering the dungeon a bit more then? :p
 12618 | Lair:1   | Bloax: Also stop even trying to melee those komodoes.
 12618 | Lair:1   | Kae: haha i know
 12618 | Lair:1   | Bloax: Actual melee fighters can have trouble with them.
 12618 | Lair:1   | Kae: but i just woke up
 12618 | Lair:1   | Bloax: And you're a centaur.
 12618 | Lair:1   | Kae: im gonna do a lot of stupid things :D
 12618 | Lair:1   | Bloax: I just woke up too.
 12618 | Lair:1   | Kae: still playig in my bed...
 12803 | Lair:1   | Bloax: Well good luck then.
 12810 | Lair:1   | Bloax: Because I gotta go.
 12877 | Lair:1   | Kae: aight
 12877 | Lair:1   | Kae: cya
 12915 | Lair:1   | Bloax: *poof*
 13254 | D:10     | Entered Level 10 of the Dungeon
 13258 | D:10     | Found Cluxzoiguel's Magic Scroll Emporium.
 13268 | D:10     | Bought a scroll of amnesia for 82 gold pieces
 13268 | D:10     | Bought a scroll of summoning for 142 gold pieces
 13268 | D:10     | Bought a scroll of torment for 112 gold pieces
 13268 | D:10     | Bought a scroll of teleportation for 45 gold pieces
 13268 | D:10     | Bought a scroll of identify for 30 gold pieces
 13268 | D:10     | Bought a scroll of identify for 30 gold pieces
 13269 | D:10     | Noticed Harold
 13281 | D:10     | Killed Harold
 13281 | D:10     | Reached skill level 15 in Bows
 13323 | D:10     | Paralysed by a yellow wasp for 1 turns
 13949 | D:10     | Noticed Sonja
 13962 | D:10     | Killed Sonja
 13962 | D:10     | Reached XP level 11. HP: 90/90 MP: 4/7
 14092 | D:10     | Noticed Fannar
 14220 | D:10     | Upgraded the game from 0.13-a0-1775-g6c024ba to 0.13-a0-1804-g486adc7
 14288 | D:10     | Killed Fannar
 14288 | D:10     | Reached skill level 16 in Bows
 14953 | D:10     | Got an ancient leather armour
 14961 | D:10     | Identified the +1 leather armour of Failure {Acc+5 Stlth++} (You found it on level 10 of the Dungeon)
 15037 | D:11     | Noticed Psyche
 15047 | D:11     | Killed Psyche
 15289 | D:11     | Identified a scroll of acquirement
 15460 | D:11     | Received a gift from Okawaru
 15557 | D:11     | Noticed Urug
 15563 | D:11     | Killed Urug
 15629 | D:11     | Reached skill level 17 in Bows
 15632 | D:11     | Noticed Grum
 15633 | D:11     | Killed Grum
 15682 | D:11     | Acquired Okawaru's second power
 16035 | D:11     | Received a gift from Okawaru
 16352 | D:12     | Noticed a hill giant
 16359 | D:12     | Killed a hill giant
 16428 | D:12     | Received a gift from Okawaru
 17148 | D:13     | Reached skill level 10 in Fighting
 17251 | D:13     | Found Pratogg's Armour Emporium.
 17256 | D:13     | Noticed a seven-headed hydra
 17262 | D:13     | Killed a seven-headed hydra
 17262 | D:13     | Reached skill level 18 in Bows
 17262 | D:13     | Reached XP level 12. HP: 101/101 MP: 8/8
 17277 | D:13     | Received a gift from Okawaru
 17281 | D:13     | Got a twisted hand axe {god gift}
 17473 | D:13     | Noticed a five-headed hydra
 17477 | D:13     | Killed a five-headed hydra
 17828 | D:13     | Identified the hand axe "Beetle's Peril" {god gift, pain, +Fly Int-3 Stlth+} (Okawaru gifted it to you on level 13 of the Dungeon)
 19410 | Lair:2   | Reached skill level 1 in Axes
 19430 | Lair:2   | Received a gift from Okawaru
 19957 | Lair:3   | Reached skill level 19 in Bows
 20481 | Lair:3   | Found a burning altar of Makhleb.
 20558 | Lair:3   | Received a gift from Okawaru
 20832 | Lair:3   | Noticed an eight-headed hydra
 20842 | Lair:3   | Killed an eight-headed hydra
 20965 | Lair:3   | Received a gift from Okawaru
 21675 | Lair:4   | Noticed a seven-headed hydra
 21680 | Lair:4   | Killed a seven-headed hydra
 21715 | Lair:4   | Reached XP level 13. HP: 110/110 MP: 8/8
 21906 | Lair:4   | Got a crude bone ring
 21940 | Lair:4   | Reached skill level 20 in Bows
 22181 | Lair:4   | Noticed a five-headed hydra
 22185 | Lair:4   | Killed a five-headed hydra
 22242 | Lair:4   | Found a staircase to the Shoals.
 22516 | Lair:2   | Identified the ring of Trudello {rElec rPois MR+} (You found it on level 4 of the Lair of Beasts)
 22715 | Lair:5   | Found a hole to the Spider Nest.
 22997 | Lair:5   | Reached skill level 5 in Axes
 23013 | Lair:5   | Received a gift from Okawaru
 23211 | Lair:5   | Noticed a six-headed hydra
 23217 | Lair:5   | Killed a six-headed hydra
 23286 | Lair:5   | Received a gift from Okawaru
 23408 | Lair:5   | Got a crude bow {god gift}
 23679 | Lair:6   | Reached skill level 10 in Dodging
 23708 | Lair:6   | Identified the bow of the Viper {god gift, venom, +Inv Str-4} (Okawaru gifted it to you on level 5 of the Lair of Beasts)
 24466 | Lair:6   | Reached skill level 21 in Bows
 24664 | Lair:6   | Found a staircase to the Slime Pits.
 24699 | Lair:6   | Received a gift from Okawaru
 26079 | Lair:7   | Noticed a four-headed hydra
 26084 | Lair:7   | Killed a four-headed hydra
 26376 | Lair:7   | Noticed an ice dragon
 26392 | Lair:7   | Killed an ice dragon
 26392 | Lair:7   | Reached XP level 14. HP: 71/121 MP: 6/9
 26974 | Lair:8   | Entered Level 8 of the Lair of Beasts
 27446 | Lair:8   | Reached skill level 22 in Bows
 27732 | Lair:8   | Received a gift from Okawaru
 27733 | Lair:8   | Got an ebony battleaxe {god gift}
 27734 | Lair:8   | Identified the battleaxe of Wrath {god gift, chop, rElec rN+} (Okawaru gifted it to you on level 8 of the Lair of Beasts)
 28479 | Lair:8   | Received a gift from Okawaru
 29000 | Lair:8   | Reached skill level 23 in Bows
 30244 | D:10     | Reached XP level 15. HP: 119/129 MP: 10/10
 30328 | D:14     | Entered Level 14 of the Dungeon
 30407 | D:14     | Found a burning altar of Makhleb.
 31285 | D:15     | Entered Level 15 of the Dungeon
 31285 | D:15     | Noticed Nessos
 31298 | D:15     | Killed Nessos
 31452 | D:15     | Found an iron altar of Okawaru.
 32107 | D:15     | Received a gift from Okawaru
 32293 | D:15     | Noticed an orc warlord
 32311 | D:15     | Killed an orc warlord
 32761 | D:15     | Found a roughly hewn altar of Beogh.
 32871 | D:15     | Reached skill level 10 in Axes
 32885 | D:15     | Received a gift from Okawaru
 33515 | D:16     | Received a gift from Okawaru
 33983 | D:16     | Reached skill level 1 in Evocations
 33985 | D:16     | Reached skill level 1 in Invocations
 34059 | D:16     | Got a faintly glowing bow
 34061 | D:16     | Identified the bow "Fixom" {flame, Dex+4 SInv} (You found it on level 16 of the Dungeon)
 34777 | Orc:1    | Entered Level 1 of the Orcish Mines
 35052 | Orc:2    | Received a gift from Okawaru
 35804 | Orc:3    | Found a staircase to the Elven Halls.
 36267 | Orc:4    | Entered Level 4 of the Orcish Mines
 36550 | Orc:4    | Received a gift from Okawaru
 36560 | Orc:4    | Got an encrusted ring mail {god gift}
 36561 | Orc:4    | Identified the +1 ring mail of the Cicada {+Inv Str+1} (Okawaru gifted it to you on level 4 of the Orcish Mines)
 36599 | Orc:4    | Noticed an orc warlord
 36628 | Orc:4    | Killed an orc warlord
 36628 | Orc:4    | Reached skill level 15 in Fighting
 36628 | Orc:4    | Reached XP level 16. HP: 117/141 MP: 15/16
 36904 | Orc:4    | Noticed Blork the orc
 36907 | Orc:4    | Noticed Nergalle
 36918 | Orc:4    | Killed Blork the orc
 36937 | Orc:4    | Killed Nergalle
 36951 | Orc:4    | Found a roughly hewn altar of Beogh.
 37320 | Orc:4    | Found Doac Vew's General Store.
 37488 | Orc:4    | Found Istrazal's Antique Armour Emporium.
 37568 | Orc:4    | Found Xiamiud's Antique Weapon Emporium.
 37888 | Orc:4    | Found Vewnun's Book Emporium.
 37898 | Orc:4    | Bought a book of Spatial Translocations for 1105 gold pieces
 37971 | Orc:4    | Bought a polished helmet for 180 gold pieces
 37971 | Orc:4    | Bought an ancient cloak for 144 gold pieces
 37971 | Orc:4    | Bought a warped chain mail for 384 gold pieces
 37975 | Orc:4    | Identified the cursed -5 helmet of Ehigefepp {Dex+4 Int+4} (You bought it in a shop on level 4 of the Orcish Mines)
 37978 | Orc:4    | Identified the +0 cloak "Bogrivvi" {Dex+4} (You bought it in a shop on level 4 of the Orcish Mines)
 38294 | Orc:1    | Noticed Edmund
 38308 | Orc:1    | Killed Edmund
 38375 | Orc:1    | Found a bloodstained altar of Trog.
 39692 | D:16     | Noticed Agnes
 39702 | D:16     | Killed Agnes
 39703 | D:16     | Found a shimmering altar of Xom.
 40168 | D:17     | Learned a level 1 spell: Apportation
 40171 | D:17     | Learned a level 2 spell: Blink
 40174 | D:17     | Learned a level 2 spell: Portal Projectile
 40273 | D:17     | Reached skill level 5 in Invocations
 40760 | D:17     | Noticed Norris
 40805 | D:17     | Paralysed by Norris for 4 turns
 40823 | D:17     | Killed Norris
 40823 | D:17     | Received a gift from Okawaru
 40823 | D:17     | Reached skill level 1 in Translocations
 41507 | D:18     | Reached skill level 5 in Evocations
 41585 | D:18     | Found a basalt altar of Yredelemnul.
 41653 | D:18     | Received a gift from Okawaru
 42924 | D:19     | Found a staircase to the Vaults.
 43059 | D:19     | Reached XP level 17. HP: 133/150 MP: 23/23
 43159 | D:19     | Noticed Jorgrun
 43186 | D:19     | Killed Jorgrun
 44610 | D:19     | Reached skill level 5 in Translocations
 44639 | D:19     | Found a glowing golden altar of the Shining One.
 44639 | D:19     | Found a white marble altar of Elyvilon.
 44640 | D:19     | Found a glowing silver altar of Zin.
 45020 | D:20     | Entered Level 20 of the Dungeon
 45094 | D:20     | Received a gift from Okawaru
 45270 | D:20     | Noticed a tentacled monstrosity
 45385 | D:20     | Killed a tentacled monstrosity
 45647 | D:20     | Noticed Jory
 45686 | D:20     | HP: 6/151 [Jory/crystal spear (49)]
 45687 | D:20     | Hit by a large rock thrown by a stone giant

Action                   |  1- 3 |  4- 6 |  7- 9 | 10-12 | 13-15 | 16-18 || total
-------------------------+-------+-------+-------+-------+-------+-------++-------
Melee: Short sword       |   133 |    78 |   236 |       |       |       ||   447
       Bow               |       |       |     2 |       |       |       ||     2
       Sabre             |       |       |     9 |   131 |       |       ||   140
       Hand axe          |       |       |       |    74 |   493 |   492 ||  1059
 Fire: Bow               |    10 |    24 |   396 |   400 |   174 |   867 ||  1871
       Longbow           |       |       |       |   449 |  1153 |       ||  1602
 Cast: Portal Projectile |       |       |       |       |       |     3 ||     3
Invok: Heroism           |       |       |       |     7 |    19 |    12 ||    38
       Finesse           |       |       |       |       |     3 |     4 ||     7
Evoke: Wand              |       |       |     3 |     2 |     5 |     1 ||    11
  Use: Potion            |       |     1 |     1 |     1 |     5 |       ||     8
       Scroll            |       |       |    28 |    14 |    17 |     3 ||    62
 Stab: Sleeping          |       |       |       |     1 |    10 |     6 ||    17
       Distracted        |       |       |       |       |       |     2 ||     2
